 Dungeon Crawl Stone Soup version 0.17-a0-1510-gb3fb22e (webtiles) character file.

716424 random the Sorcerer (level 27, -3/166 HPs)
             Began as a Deep Elf Fire Elementalist on July 8, 2015.
             Was the Champion of Vehumet.
             Slain by a lorocyproca (22 damage)
             ... in Pandemonium on July 11, 2015.
             The game lasted 09:14:40 (120942 turns).

random the Sorcerer (Deep Elf Fire Elementalist)  Turns: 120942, Time: 09:14:40

Health: -3/166     AC: 20    Str:  4 (5)  XL:     27
Magic:  0/55       EV: 38    Int: 36      God:    Vehumet [******]
Gold:   5001       SH:  7    Dex: 23      Spells: 13 memorised, 3 levels left

rFire  . . .     SeeInvis .     a - +9 demon blade (flame)
rCold  . . .     Rnd*Rage +     L - +1 robe of Pride {rElec rPois}
rNeg   . . .     SustAt   .     S - +3 buckler {AC+3}
rPois  +         Gourm    .     F - +4 helmet of Starshine {MR+ Regen+ rCorr Dex-2}
rElec  +         Spirit   .     D - +2 cloak {rPois}
rCorr  +         Warding  .     T - +2 pair of fencer's gloves {LBl+4 SBl+4 EV+3 Dex+6}
rMut   .         Stasis   .     z - +2 pair of boots of the Lair of Beasts {+Blink Dex+4}
MR     +++..                    E - amulet of resist corrosion
Stlth  ++++......               j - +4 ring of intelligence
                                I - ring of wizardry

@: exhausted, slowed, studying Fire Magic, deflect missiles, very slow,
extremely resistant to hostile enchantments, stealthy
A: berserk 1, deterioration 1, weak 1
a: Renounce Religion, Evoke Blink
}: 5/15 runes: serpentine, barnacled, slimy, silver, magical


You were in Pandemonium.
You worshipped Vehumet.
Vehumet was exalted by your worship.
You were not hungry.

You visited 14 branches of the dungeon, and saw 65 of its levels.
You visited Pandemonium 1 time, and saw 9 of its levels.
You visited the Abyss 1 time.

You collected 8514 gold pieces.
You spent 3513 gold pieces at shops.

Inventory:

Hand weapons
 a - a +9 demon blade of flaming (weapon)
Armour
 k - the cursed +3 crown of Eternal Torment {rTorment HP-- rN+++ SInv *Curse}
   (You found it on level 6 of the Pits of Slime)

   It renders you almost immune to negative energy.
   It lets you see invisible.
   It may re-curse itself when equipped.
   It has a curse placed upon it.
 z - the +2 pair of boots of the Lair of Beasts (worn) {+Blink Dex+4}
   (You found it on level 2 of the Vaults)

   It affects your dexterity (+4).
   It lets you blink.
 D - a +2 cloak of poison resistance (worn)
 F - the +4 helmet of Starshine (worn) {MR+ Regen+ rCorr Dex-2}
   (You found it on level 1 of the Depths)

   It affects your dexterity (-2).
   It affects your resistance to hostile enchantments.
   It increases your rate of regeneration.
   It protects you from acid and corrosion.
 L - the +1 robe of Pride (worn) {rElec rPois}
   (You bought it in a shop on level 2 of the Orcish Mines)

   It insulates you from electricity.
   It protects you from poison.
 S - a +3 buckler of protection (worn)
 T - the +2 pair of fencer's gloves (worn) {LBl+4 SBl+4 EV+3 Dex+6}
   (You found it on level 5 of the Vaults)

   It affects your evasion (+3).
   It affects your dexterity (+6).
Magical staves
 b - an uncursed staff of conjuration
 g - an uncursed staff of fire
Jewellery
 e - an uncursed ring of magical power
 j - a +4 ring of intelligence (right hand)
 s - an uncursed ring of see invisible
 E - an amulet of resist corrosion (around neck)
 I - a ring of wizardry (left hand)
 Q - an uncursed ring of protection from fire
 Y - an uncursed ring of protection from magic
 Z - an uncursed ring of protection from cold
Magical devices
 t - a wand of teleportation (6)
 u - a wand of hasting (0)
 B - a wand of digging (2)
 M - a wand of digging (3)
 O - a wand of teleportation (2)
Scrolls
 f - 6 scrolls of magic mapping
 l - 3 scrolls of enchant armour
 o - 19 scrolls of remove curse
 p - 2 scrolls of summoning
 y - 9 scrolls of teleportation
 A - 7 scrolls of recharging
 C - 4 scrolls of amnesia
 G - 10 scrolls of fear
 J - 8 scrolls of fog
 K - a scroll of holy word
 X - 6 scrolls of identify
Potions
 d - 2 potions of resistance
 i - 12 potions of curing
 m - 4 potions of agility
 q - 5 potions of might
 w - 3 potions of flight
 H - 5 potions of brilliance
 N - 2 potions of magic
 R - a potion of heal wounds
 U - 4 potions of cancellation
 V - 3 potions of invisibility
 W - 3 potions of berserk rage
Books
 c - a book of Enchantments

   Spells                             Type                      Level
   a - Cause Fear                     Hexes                        4
   b - Silence                        Hexes/Air                    5
   c - Deflect Missiles               Charms/Air                   6
   d - Haste                          Charms                       6
   e - Discord                        Hexes                        8
 r - a manual of Fire Magic
 v - a book of Necromancy

   Spells                             Type                      Level
   a - Pain                           Necromancy                   1
   b - Animate Skeleton               Necromancy                   1
   c - Vampiric Draining              Necromancy                   3
   d - Regeneration                   Charms/Necromancy            3
   e - Animate Dead                   Necromancy                   4
   f - Control Undead                 Necromancy                   4
 x - a book of Death

   Spells                             Type                      Level
   a - Corpse Rot                     Necromancy                   2
   b - Sublimation of Blood           Necromancy                   2
   c - Agony                          Necromancy                   5
   d - Dispel Undead                  Necromancy                   5
   e - Excruciating Wounds            Charms/Necromancy            5
   f - Bolt of Draining               Conjuration/Necromancy       5
Comestibles
 h - 28 meat rations


   Skills:
 * Level 15.5 Fighting
 + Level 8.8(12.8) Long Blades
   Level 0.9(1.1) Maces & Flails
 - Level 1.4(1.7) Staves
 * Level 23.1 Dodging
 - Level 6.0 Stealth
 + Level 26.1 Spellcasting
 + Level 25.5 Conjurations
 + Level 8.4 Charms
 + Level 9.2 Summonings
 * Level 9.2 Necromancy
 + Level 24.2 Fire Magic
 + Level 9.6 Air Magic
 + Level 9.0 Earth Magic


You had 3 spell levels left.
You knew the following spells:

 Your Spells              Type           Power        Failure   Level  Hunger
a - Iskenderun's Mystic   Conj           ########     0%          4    None
b - Deflect Missiles      Chrm/Air       #######...   1%          6    None
c - Lehudib's Crystal Sp  Conj/Erth      ########..   1%          8    None
d - Sticky Flame          Conj/Fire      ########     0%          4    None
e - Dispel Undead         Necr           #######.     1%          5    None
f - Shadow Creatures      Summ           N/A          1%          5    None
g - Animate Dead          Necr           N/A          1%          4    None
h - Iron Shot             Conj/Erth      ########..   1%          6    None
i - Orb of Destruction    Conj           ########..   1%          7    None
j - Bolt of Fire          Conj/Fire      ########..   0%          6    None
k - Control Undead        Necr           #######...   1%          4    None
A - Spellforged Servitor  Conj/Summ      ########..   1%          7    None
B - Fire Storm            Conj/Fire      ########..   1%          9    ##.....


Dungeon Overview and Level Annotations

Branches:
Dungeon (15/15)            Temple (1/1) D:6            Lair (8/8) D:8
 Shoals (4/4) Lair:3        Snake (4/4) Lair:6        Slime (6/6) Lair:6
    Orc (4/4) D:11            Elf (3/3) Orc:4        Vaults (5/5) D:14
  Crypt (0/3) Vaults:3     Depths (5/5) D:15           Hell (1/1)
    Dis (1/7) Hell            Geh (0/7) Hell            Coc (7/7) Hell
    Tar (1/7) Hell            Zot (0/5) Depths:5

Altars:
Ashenzari
Cheibriados
Dithmenos
Elyvilon
Fedhas
Gozag
Kikubaaqudgha
Makhleb
Nemelex Xobeh
Okawaru
Ru
Sif Muna
Trog
Vehumet
Xom
Yredelemnul
Zin
The Shining One
Beogh
Jiyva
Lugonu

Shops:
D:6 (   D:7 %   D:8 [   D:9 :   D:12 *   D:14 [   D:15 :   Orc:2 [   Orc:4 %}=:
Elf:1 =   Shoals:1 }   Shoals:2 !   Shoals:3 [   Vaults:4 *   Depths:1 [

Portals:
Hell: Lair:8 Depths:1 Depths:2 Depths:3 Depths:4 Depths:5
Abyss: Depths:4 Depths:5
Pandemonium: Depths:3 Depths:4 Depths:5
Ziggurat: Depths:5

Annotations:
D:5 PeterLawrence's ghost, experienced GrFi
D:9 HEYYEYAAE's ghost, experienced TrMo
Lair:1 exclusion: oklob plant
Shoals:2 Polyphemus
Elf:2 1 exclusion
Depths:5 6 runed doors
Pan 2 runed doors


Innate Abilities, Weirdness & Mutations

You tend to lose your temper in combat.
Your body sometimes deteriorates upon taking damage.
You are weak. (Str -2)


Message History

You slice something!! You burn something. Vehumet accepts your kill.
Reactivating autopickup.
You feel a bit more experienced.
You start resting.
Something hits you but does no damage.
Deactivating autopickup; reactivate with Ctrl-A.
You start resting.
You feel a strong urge to attack something.
Something hits you.
You feel your power leaking away.
You start resting.
You are no longer berserk.
You are exhausted.
You feel as though you will be slow longer.
Something hits you!!
* * * LOW HITPOINT WARNING * * *
You slash something! You burn something. Something hits you!
* * * LOW HITPOINT WARNING * * *
You feel your power leaking away. Something hits you!!
You die...

..###...)##.###.#
..###..)[##.....###
.#.......(.........#..
#.##......(............
. #......∩.###....###..
. #.....(.(# ##'###
#........##+....+
#.........#.#'{#.#
..........#.'@.'.+
..........+.'..'.#
..........#.#++#.#
.........##+ +#


There were no monsters in sight!

Vanquished Creatures
  the royal jelly (Slime:6)
  Lom Lobon (Pan)
  An ancient lich (Vaults:5)
  2 pandemonium lords (Pan)
  11 shard shrikes
  2 caustic shrikes
  Geryon (Hell)
  8 golden dragons
  3 bone dragons
  Nikola (Snake:3)
  Jorgrun (Shoals:3)
  Rupert (Lair:3)
  6 tentacled monstrosities
  A Hell Sentinel (Pan)
  7 Ice Fiends
  A deep elf blademaster (Elf:3)
  5 titans
  An Executioner (Coc:4)
  A deep elf master archer (Elf:3)
  4 liches
  2 krakens
  11 acid blobs
  6 shadow dragons
  5 sphinxes
  2 ancient champions (Vaults:3)
  10 tengu reavers
  13 azure jellies
  12 storm dragons
  Ilsuiw (Shoals:4)
  14 fire giants
  Wiglaf (Snake:3)
  20 vault wardens
  14 greater nagas
  Donald (Shoals:3)
  A draconian knight (Depths:5)
  7 deep elf sorcerers
  2 cacodemons
  An iron dragon (Depths:3)
  A black sun (Pan)
  Louise (D:15)
  A caustic shrike zombie (Depths:5)
  A draconian scorcher (Depths:5)
  A balrug (Pan)
  A draconian annihilator (Depths:5)
  A warmonger (Pan)
  14 frost giants
  6 reapers
  2 war gargoyles
  16 ironheart preservers
  An elemental wellspring (Coc:4)
  15 very ugly things
  A salamander firebrand (Hell)
  34 stone giants
  4 vampire knights
  A chaos champion (Pan)
  Nessos (Lair:5)
  2 salamander stormcallers
  19 deep elf annihilators
  9 deep elf demonologists
  A red draconian (Depths:5)
  2 green draconians (Depths:5)
  3 black draconians (Depths:5)
  2 yellow draconians (Depths:5)
  A blood saint (Pan)
  A purple draconian (Depths:5)
  A dire elephant (Lair:8)
  A lorocyproca (Pan)
  5 mottled draconians (Depths:5)
  2 white draconians (Depths:5)
  7 blizzard demons
  2 quicksilver dragon zombies
  7 death oozes
  2 jiangshi (Depths:1)
  20 ettins
  Snorg (Lair:8)
  An eidolon (Vaults:3)
  5 merfolk javelineers
  17 fire dragons
  5 deep elf death magi
  11 merfolk impalers
  13 green deaths (Pan)
  5 deep elf high priests
  29 vault guards
  17 great orbs of eyes
  A kraken zombie (Hell)
  11 rakshasas
  27 yaktaur captains
  Harold (Lair:4)
  6 entropy weavers
  21 naga warriors
  11 centaur warriors
  A quicksilver dragon skeleton (Coc:5)
  10 hydras
  A catoblepas (Shoals:2)
  A hell beast (Lair:8)
  4 monstrous demonspawn (Pan)
  9 spriggan air magi
  18 ice dragons
  14 anacondas
  3 merfolk avatars
  15 death yaks
  Erica (D:11)
  A ghost crab (Tar:1)
  Erolcha (D:13)
  5 merfolk aquamancers (Shoals:4)
  2 dancing weapons
  2 satyrs
  25 ogre magi
  10 deep troll shamans
  6 deep troll earth magi
  7 orc high priests
  2 hell hogs
  4 shock serpents
  3 vampire magi
  17 naga sharpshooters
  11 spriggan berserkers
  6 tengu warriors
  2 large abominations (Abyss:1)
  4 soul eaters
  Nergalle (Lair:4)
  A sun demon (Hell)
  11 deep elf knights
  35 hell knights
  4 titan skeletons
  A storm dragon skeleton (Coc:2)
  A fire crab (shapeshifter) (Vaults:3)
  2 fire crabs
  22 skeletal warriors
  23 ice devils
  14 wizards
  2 unseen horrors
  3 iron trolls
  A quicksilver dragon simulacrum (Coc:1)
  3 salamander mystics
  12 ball lightnings (Pan)
  4 shadow wraiths
  A sea snake (shapeshifter) (Vaults:4)
  11 sea snakes
  3 gelid demonspawn
  25 deep trolls
  10 giant orange brains
  8 flayed ghosts
  A death drake (shapeshifter) (Depths:3)
  3 anaconda zombies
  A putrid demonspawn (Pan)
  An ice statue (Hell)
  A harpy (shapeshifter) (Vaults:5)
  A swamp dragon (Snake:2)
  9 hill giants
  A hill giant (shapeshifter) (Elf:3)
  22 ironbrand convokers
  6 torturous demonspawn
  A wolf spider zombie (Hell)
  A phantasmal warrior (Vaults:4)
  9 naga ritualists
  14 deep elf summoners
  Pikel (D:7)
  An infernal demonspawn (Pan)
  12 mana vipers
  18 orc knights
  A golden dragon skeleton (Depths:3)
  An anaconda skeleton (Hell)
  12 deep elf conjurers
  2 hornets (shapeshifter)
  An orb spider (shapeshifter) (Vaults:3)
  An iron dragon zombie (Coc:7)
  2 hornets
  16 necromancers
  42 ugly things
  2 harpies (Shoals:4)
  A frost giant zombie (Tar:1)
  A tengu skeleton (Depths:1)
  A wolf spider (shapeshifter) (Depths:2)
  6 wolf spiders
  8 fauns
  4 orc sorcerers
  17 griffons
  13 manticores
  16 sixfirhies
  A stone giant zombie (Coc:6)
  4 shining eyes
  16 cyclopes
  A faun (shapeshifter) (Depths:3)
  10 salamanders
  45 black mambas
  3 water nymphs
  15 elephants
  An iron dragon skeleton (Coc:6)
  A stone giant skeleton (Coc:4)
  An eye of devastation (shapeshifter) (D:15)
  11 sirens
  18 vault sentinels
  4 guardian serpents
  Joseph (D:8)
  A frost giant skeleton (Depths:5)
  21 spiny frogs
  8 orange demons
  2 eyes of devastation (Slime:5)
  A gargoyle (D:12)
  A spriggan skeleton (Depths:4)
  4 torpor snails
  3 rust devils
  65 yaktaurs
  A torpor snail (shapeshifter) (Vaults:4)
  4 hellions
  23 naga magi
  21 smoke demons
  An emperor scorpion zombie (Coc:5)
  An efreet (D:15)
  8 tormentors
  18 deep elf priests
  A storm dragon simulacrum (Coc:6)
  A yaktaur (shapeshifter) (Depths:3)
  4 red devils
  6 komodo dragons
  7 trolls
  4 wind drakes
  2 demonic crawlers
  14 blink frogs
  A jumping spider (Vaults:4)
  6 tengu conjurers
  8 hydra zombies
  33 merfolk
  3 fire drakes
  36 two-headed ogres
  26 blue devils
  2 harpy zombies (Hell)
  29 hellwings
  A jumping spider (shapeshifter) (D:15)
  A polar bear (Lair:6)
  5 hydra skeletons
  A merfolk (shapeshifter) (Depths:2)
  28 freezing wraiths
  2 alligator zombies
  A bog body (Coc:7)
  A raiju (shapeshifter) (Depths:1)
  2 fire dragon zombies
  9 boulder beetles
  A sphinx simulacrum (Depths:3)
  A blink frog (shapeshifter) (D:14)
  112 slime creatures
  A stone giant simulacrum (Coc:5)
  8 flying skulls
  A trapdoor spider zombie (D:11)
  5 snapping turtles
  3 ettin zombies
  4 ice dragon zombies
  An iron dragon simulacrum (Coc:1)
  6 shadows
  A tarantella (Depths:3)
  10 air elementals
  90 yaks
  A fire dragon skeleton (Coc:1)
  An elf skeleton (Depths:1)
  3 spriggans (Depths:2)
  33 deep elf magi
  4 ynoxinuls (Pan)
  9 water elementals
  4 ettin skeletons
  2 alligator skeletons
  2 vampires
  38 deep elf fighters
  A chaos spawn (Depths:4)
  22 hippogriffs
  6 hungry ghosts
  4 wyverns
  18 redbacks
  A spriggan (shapeshifter) (Vaults:5)
  9 vampire mosquitoes
  5 wraiths
  2 fire elementals
  5 golden eyes
  23 wolves
  A basilisk (Lair:1)
  2 neqoxecs (Pan)
  59 nagas
  9 wargs
  13 humans (D:14)
  2 soldier ants (shapeshifter) (Depths:2)
  A hippogriff (shapeshifter) (Vaults:1)
  A mottled dragon (Vaults:2)
  A warg (shapeshifter) (Depths:2)
  A harpy simulacrum (Coc:4)
  A human zombie (Depths:1)
  5 spiny frog zombies
  7 swamp worms
  24 water moccasins
  53 orc warriors
  A slave (D:7)
  An eye of draining (shapeshifter) (Vaults:2)
  A hell hound (Hell)
  A soldier ant (D:14)
  7 swamp drakes (Snake:2)
  8 porcupines
  2 phantoms
  3 wasps (Depths:2)
  4 black bears
  28 centaurs
  An alligator simulacrum (Hell)
  2 snapping turtle zombies
  17 boggarts
  4 sky beasts
  13 ice beasts
  A manticore skeleton (Coc:2)
  5 necrophages
  5 eyes of draining
  5 big kobolds
  2 snapping turtle skeletons
  82 ogres
  10 crocodiles
  28 giant frogs
  4 brain worms
  2 gnoll sergeants
  4 scorpions
  A wyvern skeleton (D:6)
  A giant frog (shapeshifter) (Depths:3)
  35 wights
  13 killer bees
  10 crimson imps
  2 electric eels (D:11)
  4 iron imps
  4 centaur zombies
  6 hounds
  24 jellies
  2 quasits
  6 iguanas
  26 orc wizards
  12 worker ants
  6 centaur skeletons
  3 giant frog skeletons
  45 orc priests
  Natasha (D:3)
  A shapeshifter simulacrum (Depths:1)
  36 sheep
  5 mummies
  2 hound skeletons (D:4)
  18 adders
  17 gnolls
  77 river rats
  14 white imps
  8 shadow imps
  2 ufetubi (Depths:4)
  7 oozes
  An adder zombie (D:6)
  An adder skeleton (D:6)
  15 worms
  7 giant geckos
  221 orcs
  6 ball pythons
  9 bats
  2 giant cockroaches
  28 hobgoblins
  9 jackals
  5 quokkas
  A giant gecko skeleton (D:5)
  9 giant newts
  20 goblins
  A jackal skeleton (D:4)
  40 kobolds
  A quokka zombie (D:6)
  20 rats
  2 bushes (Shoals:1)
  2 fungi
  17 plants
  A tentacle (Shoals:3)
3399 creatures vanquished.

Vanquished Creatures (collateral kills)
  A golden dragon (Vaults:4)
  2 tentacled monstrosities
  An acid blob (Slime:6)
  A shadow dragon (Vaults:5)
  A tengu reaver (D:14)
  A revenant (Vaults:3)
  A fire giant (Depths:4)
  A frost giant (Vaults:5)
  A balrug (Hell)
  An iron dragon (Vaults:5)
  A cacodemon (Hell)
  3 ironheart preservers
  2 reapers
  A death ooze (Slime:6)
  4 vault guards (Vaults:5)
  A green death (Pan)
  A deep elf high priest (Vaults:5)
  A rakshasa (Pan)
  An ogre mage (Vaults:3)
  A naga sharpshooter (Snake:1)
  A titan zombie (Coc:4)
  3 sun demons (Hell)
  3 hell knights (Vaults:5)
  A titan skeleton (Coc:3)
  6 skeletal warriors
  A sea snake (Shoals:3)
  A golden dragon zombie (Coc:3)
  2 anaconda zombies
  3 ball lightnings (Pan)
  An unseen horror (D:13)
  3 ice devils
  3 naga ritualists
  A deep troll (Vaults:1)
  A phantasmal warrior (Vaults:5)
  A wizard (Pan)
  2 orc knights
  2 deep elf conjurers (Vaults:5)
  3 ugly things
  A frost giant zombie (Coc:4)
  A mana viper (Snake:4)
  A shining eye (Slime:6)
  A fire giant zombie (Coc:7)
  2 salamanders
  3 black mambas
  2 sixfirhies
  An eye of devastation (Slime:6)
  A rust devil (Dis:1)
  A naga mage (Snake:1)
  A dire elephant skeleton (Coc:3)
  A kobold demonologist (Vaults:1)
  An orange demon (Abyss:1)
  2 tormentors
  A hellion (Hell)
  A centaur skeleton (D:14)
  A red devil (Hell)
  A blue devil (Coc:3)
  A hydra zombie (Coc:6)
  A hellwing (Pan)
  5 freezing wraiths
  A two-headed ogre (Depths:2)
  A slime creature (shapeshifter) (Vaults:5)
  14 slime creatures
  A fire dragon zombie (Coc:6)
  An ettin zombie (Coc:7)
  A redback (D:14)
  A snapping turtle (Shoals:4)
  7 flying skulls
  4 water elementals
  A ynoxinul (Pan)
  2 deep elf fighters
  An ettin skeleton (Coc:4)
  5 yaks (D:12)
  A fire dragon skeleton (Coc:3)
  4 humans (D:14)
  A deep elf mage (Vaults:5)
  A naga (Snake:1)
  A golden eye (Slime:1)
  A fire elemental (Hell)
  A water moccasin (Snake:4)
  A hell hound (Dis:1)
  3 ogres
  3 eyes of draining
  3 ice beasts
  A spiny frog skeleton (Coc:3)
  A centaur (Vaults:4)
  A manticore skeleton (Coc:3)
  A spriggan zombie (Coc:6)
  3 wights
  4 jellies
  7 hell rats (Hell)
  2 mummies
  A white imp (Coc:4)
  2 orcs
  A crawling corpse (Vaults:5)
  A fire vortex (Vaults:5)
180 creatures vanquished.

Vanquished Creatures (others)
  2 eldritch tentacles
  A tengu reaver (Vaults:2)
  A salamander stormcaller (Vaults:5)
  A lorocyproca (Pan)
  An unseen horror (D:13)
  7 ball lightnings (Pan)
  2 sixfirhies (Pan)
  3 wizards (Pan)
  A hornet (Vaults:3)
  3 smoke demons
  A hellwing (Pan)
  A two-headed ogre (Vaults:5)
  A ynoxinul (Pan)
  A vampire mosquito (Vaults:1)
  An ice beast (D:7)
  A wight (Tar:1)
  A block of ice (Pan)
  22 bushes
  A crawling corpse (Vaults:5)
  199 eldritch tentacle segments
  318 fire vortices
  73 fungi
  60 plants
  24 tentacles
  563 tentacle segments
1289 creatures vanquished.

Grand Total: 4868 creatures vanquished

Notes
Turn   | Place    | Note
--------------------------------------------------------------
     0 | D:1      | random the Deep Elf Fire Elementalist began the quest for the Orb.
     0 | D:1      | Reached XP level 1. HP: 10/10 MP: 6/6
   131 | D:1      | Reached XP level 2. HP: 15/15 MP: 6/8
   135 | D:1      | Learned a level 2 spell: Throw Flame
   356 | D:1      | Reached skill level 4 in Fire Magic
  1072 | D:2      | Reached XP level 3. HP: 19/19 MP: 0/10
  1662 | D:2      | Reached XP level 4. HP: 22/24 MP: 6/12
  1683 | D:2      | Learned a level 3 spell: Conjure Flame
  1688 | D:2      | Learned a level 4 spell: Sticky Flame
  2888 | D:3      | Reached XP level 5. HP: 28/28 MP: 11/13
  3048 | D:3      | Noticed Natasha
  3056 | D:3      | Killed Natasha
  3296 | D:4      | Noticed an ogre
  3645 | D:4      | Reached skill level 5 in Spellcasting
  3690 | D:4      | Reached skill level 5 in Fire Magic
  3690 | D:4      | Reached XP level 6. HP: 32/32 MP: 8/15
  3696 | D:4      | Found a basalt altar of Yredelemnul.
  3717 | D:4      | Killed an ogre
  3823 | D:4      | Found a blossoming altar of Fedhas.
  3828 | D:4      | Found a glowing silver altar of Zin.
  3911 | D:4      | Found a shattered altar of Ashenzari.
  4381 | D:4      | Reached XP level 7. HP: 36/36 MP: 9/17
  4516 | D:4      | Noticed an ogre
  4663 | D:4      | Killed an ogre
  4663 | D:4      | Reached skill level 6 in Spellcasting
  4776 | D:5      | Entered Level 5 of the Dungeon
  5203 | D:5      | Reached skill level 7 in Spellcasting
  5273 | D:5      | Found a burning altar of Makhleb.
  5419 | D:5      | Reached skill level 5 in Conjurations
  5419 | D:5      | Reached XP level 8. HP: 41/41 MP: 16/21
  5474 | D:5      | Noticed PeterLawrence's ghost (experienced GrFi)
  6064 | D:5      | Reached skill level 8 in Spellcasting
  6147 | D:6      | Found a staircase to the Ecumenical Temple.
  6163 | Temple   | Entered the Ecumenical Temple
  6196 | Temple   | Became a worshipper of Vehumet
  6441 | D:6      | You fall through a shaft for 3 floors!
  6516 | D:9      | Found Mevyc's Book Shop.
  6553 | D:9      | Noticed a hill giant
  6563 | D:9      | Killed a hill giant
  6563 | D:9      | Reached skill level 9 in Spellcasting
  6563 | D:9      | Reached XP level 9. HP: 45/45 MP: 9/24
  6574 | D:9      | Noticed a two-headed ogre
  6579 | D:9      | Killed a two-headed ogre
  6758 | D:9      | Found a bloodstained altar of Trog.
  6761 | D:8      | Found Evuatos's Armour Shop.
  6861 | D:9      | Noticed HEYYEYAAE's ghost (experienced TrMo)
  6967 | D:9      | Acquired Vehumet's first power
  6967 | D:9      | Offered knowledge of Shock by Vehumet.
  7203 | D:8      | Noticed Joseph
  7494 | D:8      | Reached skill level 10 in Spellcasting
  7643 | D:8      | Found a staircase to the Lair.
  7775 | D:7      | Offered knowledge of Sandblast by Vehumet.
  7803 | D:7      | Learned a level 5 spell: Fireball
  7812 | D:7      | Found Lyotrega's Food Shop.
  7815 | D:7      | Noticed Pikel
  7931 | D:7      | Found a shadowy altar of Dithmenos.
  8371 | D:6      | Found Hopluergh's Antique Weapon Shop.
  8629 | D:7      | Killed Pikel
  8629 | D:7      | Reached skill level 5 in Dodging
  8629 | D:7      | Reached XP level 10. HP: 47/50 MP: 10/26
  8710 | D:7      | Offered knowledge of Mephitic Cloud by Vehumet.
  9158 | D:8      | Reached skill level 11 in Spellcasting
  9227 | D:8      | Found an opulent altar of Gozag.
  9415 | D:8      | Killed Joseph
  9415 | D:8      | Acquired Vehumet's second power
  9751 | D:8      | Reached skill level 1 in Fighting
  9947 | D:8      | Reached skill level 10 in Fire Magic
 10034 | D:8      | Offered knowledge of Iskenderun's Mystic Blast by Vehumet.
 10363 | D:8      | Found a deep blue altar of Sif Muna.
 10895 | D:10     | Entered Level 10 of the Dungeon
 10915 | D:10     | Reached skill level 12 in Spellcasting
 11297 | D:10     | Acquired Vehumet's third power
 11303 | D:10     | Learned a level 4 spell: Iskenderun's Mystic Blast
 11503 | D:10     | Noticed a hill giant
 11509 | D:10     | Killed a hill giant
 11509 | D:10     | Offered knowledge of Bolt of Magma by Vehumet.
 11509 | D:10     | Reached XP level 11. HP: 56/56 MP: 18/29
 11517 | D:10     | Learned a level 5 spell: Bolt of Magma
 11692 | D:10     | Reached skill level 5 in Stealth
 12041 | D:11     | Noticed Erica
 12160 | Lair:1   | Entered Level 1 of the Lair of Beasts
 12423 | Lair:1   | Reached skill level 10 in Conjurations
 12688 | Lair:1   | Noticed a four-headed hydra
 12696 | Lair:1   | Killed a four-headed hydra
 12827 | Lair:1   | Found a deep blue altar of Sif Muna.
 13075 | Lair:1   | Reached skill level 13 in Spellcasting
 13945 | Lair:2   | Noticed a six-headed hydra
 13983 | Lair:2   | Killed a six-headed hydra
 13983 | Lair:2   | Reached skill level 1 in Earth Magic
 14259 | Lair:2   | Reached skill level 14 in Spellcasting
 14676 | Lair:2   | Reached XP level 12. HP: 53/62 MP: 14/32
 15014 | Lair:2   | Noticed a five-headed hydra
 15019 | Lair:2   | Killed a five-headed hydra
 15147 | Lair:2   | Got an iridescent blowgun
 15148 | Lair:2   | Identified the cursed +1 blowgun of Crusades {evade, rPois MP+9 Str-2} (You found it on level 2 of the Lair of Beasts)
 15765 | Lair:3   | Offered knowledge of Conjure Ball Lightning by Vehumet.
 15946 | Lair:3   | Reached skill level 15 in Spellcasting
 16830 | Lair:3   | Noticed Rupert
 17057 | Lair:3   | Killed Rupert
 17057 | Lair:3   | Reached skill level 1 in Staves
 17101 | Lair:3   | Found a staircase to the Shoals.
 17916 | Lair:3   | Got an amber-encrusted leather armour
 17917 | Lair:3   | Identified the +4 leather armour "Kiebyqem" {rN+ Int+2 Dex-5} (You found it on level 3 of the Lair of Beasts)
 18009 | Lair:4   | Noticed Nergalle
 18017 | Lair:4   | Killed Nergalle
 18378 | Lair:4   | Noticed Harold
 18386 | Lair:4   | Killed Harold
 18386 | Lair:4   | Reached XP level 13. HP: 66/66 MP: 22/34
 18763 | Lair:5   | Offered knowledge of Iron Shot by Vehumet.
 18771 | Lair:5   | Learned a level 6 spell: Iron Shot
 18824 | Lair:5   | Reached skill level 16 in Spellcasting
 19904 | Lair:5   | Noticed Nessos
 19915 | Lair:5   | Killed Nessos
 20865 | Lair:6   | Found a staircase to the Slime Pits.
 20866 | Lair:6   | Found a viscous altar of Jiyva.
 20945 | Lair:6   | Found a staircase to the Snake Pit.
 21165 | Lair:6   | Found a dark tunnel.
 21966 | Lair:6   | HP: 1/66 [blink frog (4)]
 22875 | Lair:7   | Reached skill level 17 in Spellcasting
 23627 | Lair:7   | Offered knowledge of Orb of Destruction by Vehumet.
 23838 | Lair:7   | Learned a level 7 spell: Orb of Destruction
 24121 | Lair:7   | Reached XP level 14. HP: 72/72 MP: 20/37
 25234 | Lair:8   | Entered Level 8 of the Lair of Beasts
 26063 | Lair:8   | Reached skill level 18 in Spellcasting
 26663 | Lair:8   | Found a burning altar of Makhleb.
 26720 | Lair:8   | Found a gateway to Hell.
 26757 | Lair:8   | Noticed Snorg
 26759 | Lair:8   | Killed Snorg
 27409 | Lair:8   | Reached skill level 15 in Conjurations
 27863 | Lair:8   | Offered knowledge of Poisonous Cloud by Vehumet.
 29038 | Lair:3   | Reached XP level 15. HP: 76/76 MP: 32/39
 29622 | D:11     | Killed Erica
 29857 | D:11     | Reached skill level 19 in Spellcasting
 29990 | D:11     | Paralysed by an orc for 5 turns
 30195 | D:11     | Noticed a hill giant
 30199 | D:11     | Killed a hill giant
 30882 | D:11     | Offered knowledge of Delayed Fireball by Vehumet.
 31041 | D:11     | Found a staircase to the Orcish Mines.
 31173 | Orc:1    | Entered Level 1 of the Orcish Mines
 32067 | Orc:2    | Found Faaptal's Antique Armour Shoppe.
 32082 | Orc:2    | Bought a pair of runed boots for 90 gold pieces
 32082 | Orc:2    | Bought a silken robe for 114 gold pieces
 32092 | Orc:2    | Identified the cursed +1 robe of Pride {rElec rPois} (You bought it in a shop on level 2 of the Orcish Mines)
 32373 | Orc:2    | Found a roughly hewn altar of Beogh.
 32555 | Orc:3    | Offered knowledge of Bolt of Fire by Vehumet.
 32563 | Orc:3    | Learned a level 6 spell: Bolt of Fire
 32656 | Orc:3    | Reached skill level 15 in Fire Magic
 33833 | Orc:4    | Entered Level 4 of the Orcish Mines
 34194 | Orc:4    | Offered knowledge of Spellforged Servitor by Vehumet.
 34202 | Orc:4    | Learned a level 6 spell: Ozocubu's Refrigeration
 34214 | Orc:4    | Learned a level 7 spell: Spellforged Servitor
 34484 | D:6      | Bought a glowing demon blade for 405 gold pieces
 35140 | Orc:4    | Found a staircase to the Elven Halls.
 35308 | Orc:4    | Reached skill level 1 in Long Blades
 35352 | Orc:4    | Reached skill level 1 in Summonings
 36588 | Orc:4    | Offered knowledge of Lehudib's Crystal Spear by Vehumet.
 36588 | Orc:4    | Offered knowledge of Fire Storm by Vehumet.
 36588 | Orc:4    | Offered knowledge of Chain Lightning by Vehumet.
 36663 | Orc:4    | Found Qoel's Food Boutique.
 36663 | Orc:4    | Found Lumot's Book Boutique.
 36664 | Orc:4    | Found Neczaoh's Gadget Boutique.
 36664 | Orc:4    | Found Akenev's Jewellery Shop.
 36796 | Orc:4    | Bought a book of the Sky for 780 gold pieces
 36802 | Orc:4    | Learned a level 5 spell: Shadow Creatures
 37054 | D:12     | Found Tutebil's Elemental Accessories.
 38361 | D:12     | Reached skill level 5 in Summonings
 38632 | D:13     | Noticed Erolcha
 38634 | D:13     | Killed Erolcha
 38634 | D:13     | Reached skill level 5 in Long Blades
 40284 | D:14     | Noticed a tengu reaver
 40294 | D:14     | Noticed a tengu reaver
 40294 | D:14     | Killed a tengu reaver
 40300 | D:14     | Killed a tengu reaver
 40503 | D:14     | Reached XP level 16. HP: 81/81 MP: 34/41
 41047 | D:14     | Cast into the Abyss (a wizard)
 41167 | Abyss:1  | Noticed a bone dragon
 41198 | D:14     | Escaped the Abyss
 41462 | D:14     | Reached skill level 20 in Spellcasting
 41723 | D:14     | Found a gate to the Vaults.
 41857 | D:14     | Found a sparkling altar of Nemelex Xobeh.
 41875 | D:14     | Found Puoj's Antique Armour Boutique.
 42183 | D:15     | Entered Level 15 of the Dungeon
 42208 | D:15     | Found a staircase to the Depths.
 42231 | D:15     | Noticed Louise
 42242 | D:14     | HP: 3/81 [red ugly thing (20)]
 43278 | D:15     | Killed Louise
 43524 | D:14     | Reached skill level 10 in Dodging
 44096 | D:15     | Found a basalt altar of Yredelemnul.
 44142 | D:15     | Found Geal's Book Emporium.
 44895 | Lair:6   | Noticed an acid blob
 44897 | Lair:6   | Killed an acid blob
 44936 | Snake:1  | Entered Level 1 of the Snake Pit
 45217 | Snake:1  | Learned a level 9 spell: Fire Storm
 46323 | Snake:1  | Reached skill level 21 in Spellcasting
 47325 | Snake:1  | Reached XP level 17. HP: 82/87 MP: 31/44
 47438 | Snake:1  | You fall through a shaft!
 47438 | Snake:2  | Found Ylamm's Food Shoppe.
 47440 | Snake:2  | Bought 4 fruits for 84 gold pieces
 47440 | Snake:2  | Bought 4 fruits for 84 gold pieces
 47440 | Snake:2  | Bought a bread ration for 70 gold pieces
 47440 | Snake:2  | Bought a slice of pizza for 21 gold pieces
 47440 | Snake:2  | Bought a beef jerky for 21 gold pieces
 47440 | Snake:2  | Bought a bread ration for 70 gold pieces
 47440 | Snake:2  | Bought a slice of pizza for 21 gold pieces
 47440 | Snake:2  | Bought a meat ration for 70 gold pieces
 47440 | Snake:2  | Bought a meat ration for 70 gold pieces
 47440 | Snake:2  | Bought a slice of pizza for 21 gold pieces
 47440 | Snake:2  | Bought a bread ration for 70 gold pieces
 51316 | Snake:3  | Noticed Wiglaf
 51333 | Snake:3  | Noticed Nikola
 51369 | Snake:3  | Killed Wiglaf
 52587 | Snake:3  | Killed Nikola
 53309 | Snake:4  | Entered Level 4 of the Snake Pit
 53344 | Snake:4  | Reached skill level 22 in Spellcasting
 53886 | Snake:4  | Reached XP level 18. HP: 92/92 MP: 31/46
 57172 | Snake:4  | Got a serpentine rune of Zot
 58011 | Elf:1    | Entered Level 1 of the Elven Halls
 58443 | Elf:1    | Found Utaeno's Jewellery Shop.
 58753 | Elf:1    | Reached skill level 5 in Fighting
 60379 | Elf:3    | Entered Level 3 of the Elven Halls
 60760 | Elf:3    | Reached XP level 19. HP: 38/104 MP: 30/47
 62936 | Elf:3    | Identified Lehudib's Catalogue of Torrid Conjuration (You found it on level 3 of the Elven Halls)
 63312 | Elf:3    | Reached skill level 15 in Dodging
 63537 | D:11     | Learned a level 6 spell: Deflect Missiles
 63846 | Shoals:1 | Entered Level 1 of the Shoals
 63847 | Shoals:1 | Found Ydiyxoto's Gadget Shop.
 63864 | Shoals:1 | Bought a wand of hasting (6) for 1020 gold pieces
 63971 | Shoals:1 | Reached skill level 1 in Charms
 64123 | Shoals:1 | Learned a level 2 spell: Cure Poison
 64278 | Shoals:1 | Reached skill level 1 in Air Magic
 65159 | Shoals:2 | Found Ufaalusch's Distillery.
 65181 | Shoals:2 | Bought a potion of curing for 48 gold pieces
 65181 | Shoals:2 | Bought a potion of curing for 48 gold pieces
 65181 | Shoals:2 | Bought a potion of cancellation for 128 gold pieces
 65181 | Shoals:2 | Bought a potion of cancellation for 128 gold pieces
 65303 | Shoals:2 | Noticed Polyphemus
 65667 | Shoals:3 | Noticed Donald
 65669 | Shoals:3 | Killed Donald
 65677 | Shoals:3 | Noticed Jorgrun
 65700 | Shoals:3 | Killed Jorgrun
 66729 | Shoals:3 | Found Fekaivem's Armour Shoppe.
 66997 | Shoals:4 | Entered Level 4 of the Shoals
 67560 | Shoals:4 | Noticed Ilsuiw
 67828 | Shoals:4 | Reached XP level 20. HP: 106/114 MP: 27/48
 68014 | Shoals:4 | Reached skill level 5 in Charms
 68258 | Shoals:4 | Got a transparent marble ring
 68267 | Shoals:4 | Identified the ring of Autumn {Int+4 Stlth-} (You took it off a merfolk on level 4 of the Shoals)
 68358 | Shoals:4 | Killed Ilsuiw
 69523 | Shoals:4 | Got a barnacled rune of Zot
 70434 | Vaults:1 | Entered Level 1 of the Vaults
 70946 | Vaults:1 | Got a warped robe
 70947 | Vaults:1 | Identified the +1 robe of the Sparrow {*Confuse rN+ Regen+ MP+9} (You found it on level 1 of the Vaults)
 72201 | Vaults:1 | Reached skill level 5 in Air Magic
 74222 | Vaults:2 | Found a staircase to the Crypt.
 74487 | Vaults:2 | Reached XP level 21. HP: 118/118 MP: 38/49
 74602 | Vaults:2 | Got a pair of steaming boots
 74613 | Vaults:2 | Identified the +2 pair of boots of the Lair of Beasts {+Blink Dex+4} (You found it on level 2 of the Vaults)
 74762 | Vaults:2 | Got a colourful robe
 74773 | Vaults:2 | Identified the cursed +1 robe "Sonadiew" {*Corrode rF+ rN+++ Regen+} (You found it on level 2 of the Vaults)
 74812 | Vaults:2 | Found a radiant altar of Vehumet.
 75053 | Vaults:2 | Got a shimmering hat
 75064 | Vaults:2 | Identified the +2 hat "Koagh" {rF+ Dex+3} (You found it on level 2 of the Vaults)
 76609 | Vaults:3 | Reached skill level 5 in Earth Magic
 77422 | Vaults:3 | Learned a level 8 spell: Lehudib's Crystal Spear
 79126 | Vaults:3 | Found a staircase to the Crypt.
 79593 | Vaults:4 | Found Jetetuecw's Assorted Antiques.
 79603 | Vaults:4 | Bought a potion of heal wounds for 150 gold pieces
 81110 | Vaults:4 | Reached skill level 10 in Fighting
 81110 | Vaults:4 | Reached XP level 22. HP: 125/127 MP: 43/50
 82776 | Vaults:5 | Entered Level 5 of the Vaults
 83722 | Depths:1 | Entered Level 1 of the Depths
 84299 | Slime:1  | Entered Level 1 of the Pits of Slime
 86436 | Depths:1 | Reached XP level 23. HP: 133/133 MP: 21/51
 87433 | Depths:1 | Got a bloodstained helmet
 87434 | Depths:1 | Identified the +4 helmet of Starshine {MR+ Regen+ rCorr Dex-2} (You found it on level 1 of the Depths)
 87457 | Depths:1 | Found Etsaikku's Antique Armour Boutique.
 88778 | Depths:2 | Upgraded the game from 0.17-a0-1504-gb7d9117 to 0.17-a0-1508-ge7f3dc3
 89969 | Depths:2 | Found a runed door.
 91402 | Depths:2 | Found a runed door.
 91472 | Depths:2 | Got a coiled copper amulet
 91475 | Depths:2 | Identified the amulet of Zextaor {Faith MR- Dex+8} (You found it on level 2 of the Depths)
 92537 | Depths:3 | Reached XP level 24. HP: 140/140 MP: 46/51
 92674 | Depths:3 | Reached skill level 23 in Conjurations
 94307 | Depths:3 | Found a one-way gate leading to the halls of Pandemonium.
 96176 | Depths:4 | Found a one-way gate to the infinite horrors of the Abyss.
 99267 | Depths:5 | Entered Level 5 of the Depths
 99615 | Depths:5 | Found a gateway to a ziggurat.
100131 | Depths:5 | Reached XP level 25. HP: 147/147 MP: 34/52
100671 | Depths:5 | Found a deep blue altar of Sif Muna.
101722 | Depths:5 | Reached skill level 24 in Conjurations
102363 | Depths:5 | Found a runed door.
102424 | Depths:5 | Found a runed door.
102425 | Depths:5 | Found a runed door.
102738 | Depths:5 | Found a runed door.
102745 | Depths:5 | Found a runed door.
102768 | Depths:5 | Found a runed door.
103111 | Depths:5 | Found a gate to the Realm of Zot.
105899 | Vaults:5 | Reached XP level 26. HP: 155/155 MP: 9/53
106078 | Vaults:5 | Noticed an ancient lich
106304 | Vaults:5 | Killed an ancient lich
107013 | Vaults:5 | Got a translucent glass ring
107014 | Vaults:5 | Identified the ring of Duh Mudiciri {Ice +Blink MR+ MP+9 Stlth+} (You took it off a yaktaur captain on level 5 of the Vaults)
108057 | Vaults:5 | Got a silver rune of Zot
108083 | Vaults:5 | Identified the Catalogue of Earthen Displacement (You found it on level 5 of the Vaults)
109893 | Slime:6  | Entered Level 6 of the Pits of Slime
109986 | Slime:6  | Noticed the royal jelly
109989 | Slime:6  | Killed the royal jelly
109991 | Slime:6  | Reached skill level 25 in Spellcasting
110684 | Slime:6  | Got a slimy rune of Zot
110771 | Slime:6  | Got a clouded lead ring
110772 | Slime:6  | Identified the ring of Meaps {*Contam rPois rC+++ MR+ Int-3} (You found it on level 6 of the Pits of Slime)
111571 | Vaults:2 | Learned a level 4 spell: Animate Dead
111576 | Vaults:2 | Learned a level 4 spell: Control Undead
111583 | Vaults:2 | Learned a level 5 spell: Dispel Undead
111813 | Hell     | Entered the Vestibule of Hell
111813 | Hell     | Noticed Geryon
111820 | Hell     | Killed Geryon
111823 | Hell     | Reached skill level 1 in Necromancy
112652 | Hell     | Found a gateway to the decaying netherworld of Tartarus.
112996 | Hell     | Found a gateway to the Iron City of Dis.
113246 | Hell     | Found a gateway to the freezing wastes of Cocytus.
113298 | Coc:1    | Entered Level 1 of Cocytus
113304 | Coc:1    | Reached XP level 27. HP: 164/164 MP: 33/54
115280 | Coc:5    | Gained mutation: You tend to lose your temper in combat. [a neqoxec]
115284 | Coc:5    | Gained mutation: Your body sometimes deteriorates upon taking damage. [a neqoxec]
115569 | Hell     | Reached skill level 5 in Necromancy
116879 | Coc:6    | Reached skill level 15 in Fighting
117040 | Coc:7    | Entered Level 7 of Cocytus
117479 | Dis:1    | Entered Level 1 of the Iron City of Dis
117787 | Hell     | Found a gateway to the ashen valley of Gehenna.
117831 | Tar:1    | Entered Level 1 of Tartarus
118075 | Pan      | Entered Pandemonium
118323 | Pan      | Entered the realm of Lom Lobon.
118538 | Pan      | Noticed Lom Lobon
119106 | Pan      | Reached skill level 26 in Spellcasting
119829 | Pan      | Upgraded the game from 0.17-a0-1508-ge7f3dc3 to 0.17-a0-1510-gb3fb22e
120105 | Pan      | Killed Lom Lobon
120181 | Pan      | Got a magical rune of Zot
120281 | Pan      | Noticed Dybraz the pandemonium lord
120285 | Pan      | Killed Dybraz the pandemonium lord
120631 | Pan      | Found an exit through the horrors of the Abyss.
120764 | Pan      | Found a runed door.
120765 | Pan      | Found a runed door.
120918 | Pan      | Found a runed door.
120920 | Pan      | Noticed Defix the pandemonium lord
120920 | Pan      | Gained mutation: You are weak. (Str -2) [a neqoxec]
120925 | Pan      | Killed Defix the pandemonium lord
120942 | Pan      | Slain by a lorocyproca

Vault maps used:
D:1:      dpeg_arrival_simpleton_a
D:2:      serial_corexii_hall, corexii_hall_statues_x, corexii_hall_statues_l
D:3:      uniq_natasha
D:4:      ashenzari_conservatory_becter, minmay_overflow_temple_star_quad
D:5:      bloody_makhleb, first_bread
D:6:      nicolae_overflow_hidden_temple, temple_hall, serial_shops, shop
D:7:      nicolae_dithmenos_the_darkroom, serial_shops, shop, uniq_pikel
D:8:      lemuel_crystal_altar, lemuel_doored_altar, erik_lair_orcish_takeover,
          enter_bailey_3, serial_shops, shop_fountains, wad_mini_maze,
          uniq_joseph
D:9:      bloody_trog, serial_shops, kennysheep_mini_moat,
          hangedman_little_slice_of_home, minmay_misc_feat_ornament
D:10:     st_stairs_3
D:11:     erik_orc_2, lightli_corner_chamber, uniq_erica
D:12:     spider_trap, minivault_1, nicolae_elemental_shop
D:13:     uniq_erolcha
D:14:     minmay_containers, grunt_vaults_entry_tiered, serial_shops, shop,
          nemelex_diamond_rough_becter
D:15:     hangedman_depths_entry_civil_slaughter, serial_shops, shop,
          kennysheep_flooded_box, minmay_misc_feat_square, uniq_louise
Temple:   corrupted_temple
Lair:1:   lemuel_oklob_altar
Lair:3:   minmay_shoals_entry_lonely_mermaid, worms_lemuel,
          infiniplex_staircase_pool_2, uniq_rupert
Lair:4:   uniq_harold, uniq_nergalle
Lair:5:   beast_lair_carwin_6, uniq_nessos
Lair:6:   guppyfry_snake_entry_island, slime_altar_1, enter_volcano_1
Lair:7:   beast_lair_carwin_8, grunt_megastairs_2
Lair:8:   evil_forest, minivault_19, uniq_snorg
Shoals:1: nicolae_shoals_island_circles, serial_shops, shop, yaktaur_hedge
Shoals:2: serial_shops, shop_statue, uniq_polyphemus
Shoals:3: serial_shops, shop, uniq_jorgrun, uniq_donald
Shoals:4: shoals_end_simple, shoal_ilsuiw
Snake:1:  minmay_snake_river
Snake:2:  onia_ninara_swampy_vault, serial_shops, shop, st_stairs_14,
          nicolae_snake_round_shape_thing
Snake:3:  nicolae_cobra_stairs, nrook_loot_triangle, st_stairs_14, uniq_wiglaf,
          uniq_nikola
Snake:4:  minmay_snake_end_coiled
Slime:3:  cheibrodos_slime_lost_civilization_6
Orc:2:    serial_shops, shop, minmay_orc_temple_c, uniq_fannar
Orc:3:    cheibrodos_orc_bank, nicolae_orc_pool_cavern
Orc:4:    st_orc_pillars
Elf:1:    minmay_elf_arrival_plus, serial_shops, shop,
          minmay_elf_crystal_hexagon
Elf:2:    fake_guardian_serpent_vault
Elf:3:    minmay_elf_hall_x
Vaults:1: st_diamondy, vaults_mumra_minichess_inversion, vaults_mumra_chevron,
          nicolae_vaults_yaktaur_gun_rack, v_misc_27, vaults_room_hallway,
          hangedman_vaults_variations, nicolae_vaults_three_branches
Vaults:2: v_misc_22, dpeg_vaults_monster_box, grunt_tower_of_power, v_misc_31,
          nicolae_vaults_little_squares_1, v_misc_30, ontoclasm_vaults_chip,
          v_misc_26, nicolae_vaults_ring_of_whatevers, nicolae_vaults_alarming,
          ontoclasm_vaults_idyll, v_alt_pattern_4,
          nicolae_vaults_little_squares_4, ontoclasm_vaults_ring_square,
          nicolae_vaults_little_squares_4, vaults_room_large_hall, v_misc_8,
          nicolae_vaults_little_squares_4
Vaults:3: grunt_vaults_bifocal, v_misc_1, v_misc_15, v_pattern_3, v_rooms_6,
          minmay_crypt_entry_simple_box, ontoclasm_vaults_claustrophobia,
          nicolae_vaults_windows_and_doors_thing, v_alt_pattern_6,
          nicolae_vaults_ring_of_whatevers
Vaults:4: v_misc_16, nicolae_vaults_sealed_display, grunt_vaults_hallway_short,
          ontoclasm_vaults_twist, nicolae_vaults_halls_meeting,
          ontoclasm_vaults_tryst, hangedman_vaults_maws,
          vaults_room_fancy_cross, grunt_vaults_funnel, vaults_mumra_hex,
          v_misc_4, v_misc_22, serial_shops, nicolae_shop_overgrown_old_shop
Vaults:5: serial_shops
Depths:1: minmay_cut_squares, serial_shops, shop, hell_entry, grunt_decor_cap,
          fountainhead, minmay_hedge_maze, bh_walls_and_bars
Depths:2: minmay_expanding_circles, grunt_hell_entry_dis_old, st_stairs_14,
          roderic_nine_men_s_morris, grunt_megastairs_3,
          infiniplex_staircase_zigzag_5
Depths:3: evilmike_diamond_2, pan_entry, hell_entry, minmay_holes,
          infiniplex_staircase_diamond
Depths:4: minmay_outward_triangles, grunt_pan_entry_zigzag,
          hangedman_abyss_entry_splay, nicolae_wwwww, hell_entry
Depths:5: evilmike_zot_entry_castle, enter_ziggurat_f, pan_entry, hell_entry,
          lemuel_crystal_altar, abyss_entry_crystal
Dis:1:    hangedman_iron_city_apartments, hangedman_dis_decor_blocks_crown,
          evilmike_ambush
Coc:1:    serial_ice, serial_ice_d
Coc:5:    lemuel_elevator
Coc:6:    evilmike_ambush
Coc:7:    coc_grunt
Tar:1:    nicolae_tar_cuneiform_bird, nicolae_tar_cuneiform_oil
Pan:      rand_demon_4, evilmike_mini_pan_other_thingy,
          nicolae_pan_gloorx_vloqian_3, evilmike_mini_pan_pillars_b,
          evilmike_mini_pan_other_thingy, lom_lobon_st, evilmike_mini_pan_rooms,
          grunt_pan_sceptre, pan_blood_fountain_2, rand_demon_5,
          pan_blood_fountain_small, rand_demon_7

Action                   |  1- 3 |  4- 6 |  7- 9 | 10-12 | 13-15 | 16-18 | 19-21 | 22-24 | 25-27 || total
-------------------------+-------+-------+-------+-------+-------+-------+-------+-------+-------++-------
Melee: Dagger            |     4 |     4 |       |       |       |       |       |       |       ||     8
       Whip              |       |       |    39 |    60 |       |       |       |       |       ||    99
       Staff             |       |       |    91 |    56 |   166 |    12 |    20 |    17 |     9 ||   371
       Demon blade       |       |       |       |       |    89 |    75 |   100 |    89 |   970 ||  1323
 Cast: Flame Tongue      |    67 |    50 |    95 |   234 |   156 |       |       |       |       ||   602
       Throw Flame       |     2 |    66 |   166 |   179 |   472 |       |       |       |       ||   885
       Sticky Flame      |       |       |    17 |    75 |    98 |    42 |    14 |    19 |    35 ||   300
       Conjure Flame     |       |       |     3 |       |       |       |       |       |       ||     3
       Fireball          |       |       |     2 |    52 |    85 |     5 |       |       |       ||   144
       Iskenderun's Myst |       |       |       |    28 |   433 |   160 |    56 |    76 |    72 ||   825
       Bolt of Magma     |       |       |       |     8 |       |       |       |       |       ||     8
       Iron Shot         |       |       |       |       |    32 |    26 |    75 |   148 |    50 ||   331
       Orb of Destructio |       |       |       |       |    47 |    17 |     5 |    27 |     1 ||    97
       Bolt of Fire      |       |       |       |       |    33 |   546 |   649 |   577 |   598 ||  2403
       Shadow Creatures  |       |       |       |       |    15 |     9 |     7 |     3 |    58 ||    92
       Spellforged Servi |       |       |       |       |     4 |     8 |     2 |     3 |    15 ||    32
       Fire Storm        |       |       |       |       |       |       |    48 |    33 |    94 ||   175
       Deflect Missiles  |       |       |       |       |       |       |     8 |     4 |     2 ||    14
       Lehudib's Crystal |       |       |       |       |       |       |       |    14 |    61 ||    75
       Control Undead    |       |       |       |       |       |       |       |       |    14 ||    14
       Animate Dead      |       |       |       |       |       |       |       |       |     3 ||     3
Evoke: Wand              |       |       |       |       |       |     1 |       |     4 |    13 ||    18
  Use: Scroll            |     4 |     9 |     5 |    12 |    20 |    12 |    16 |    16 |    13 ||   107
       Potion            |       |       |       |     2 |     3 |    13 |     4 |     5 |    14 ||    41
 Stab: Sleeping          |       |     4 |     2 |       |     3 |       |     1 |     1 |       ||    11
       Distracted        |       |       |       |       |       |     1 |       |       |    14 ||    15
  Eat: Chunk             |     2 |     9 |     9 |    21 |    45 |    14 |    24 |    26 |     9 ||   159
       Pizza             |       |       |     1 |     1 |     2 |     5 |     3 |     1 |     2 ||    15
       Fruit             |       |       |     1 |     3 |     1 |     8 |    21 |     3 |       ||    37
       Beef jerky        |       |       |     1 |       |     3 |     4 |     6 |       |     3 ||    17
       Royal jelly       |       |       |       |     6 |     6 |     1 |     1 |       |       ||    14
       Bread ration      |       |       |       |       |     4 |     6 |     4 |     9 |    14 ||    37
       Meat ration       |       |       |       |       |       |       |       |       |     1 ||     1
